 Dungeon Crawl Stone Soup version 0.18-a0-1109-gfc003ac (webtiles) character file.

40 4thArraOfDagon the Covered (level 3, 0/34 HPs)
             Began as a Deep Dwarf Fighter on Jan 16, 2016.
             Slain by a centaur zombie (4 damage)
             ... on level 6 of the Dungeon.
             The game lasted 00:01:15 (155 turns).

4thArraOfDagon the Covered (Deep Dwarf Fighter)      Turns: 155, Time: 00:01:15

Health: 0/34       AC:  7    Str: 19    XL:     3   Next: 30%
Magic:  3/3        EV:  9    Int:  9    God:
Gold:   29         SH:  0    Dex: 12    Spells: 0 memorised, 2 levels left

rFire  . . .     SeeInvis .     a - +0 war axe
rCold  . . .     Gourm    .     b - +0 scale mail
rNeg   . . .     Faith    .     (no shield)
rPois  .         Spirit   .     (no helmet)
rElec  .         Dismiss  .     (no cloak)
rCorr  .         Reflect  .     (no gloves)
SustAt .         Harm     .     (no boots)
MR     .....                    (no amulet)
Stlth  ..........               (no ring)
                                (no ring)

@: lethally poisoned (0 -> 0), non-regenerating, not resistant to hostile
enchantments, extremely unstealthy
A: damage resistance, recharge devices, sense surroundings 1, slow regeneration
3
a: Device Recharging


You were on level 6 of the Dungeon.
You were not hungry.

You visited 1 branch of the dungeon, and saw 6 of its levels.

You collected 29 gold pieces.

Inventory:

Hand Weapons
 a - a +0 war axe (weapon)
Armour
 b - a +0 scale mail (worn)
 c - a +0 shield
Wands
 e - a wand of heal wounds (5/9)
Potions
 d - a potion of might
 g - a potion of haste {unknown}
 h - a potion of curing {unknown}
Comestibles
 f - a bread ration
 i - a meat ration


   Skills:
 + Level 3.1 Fighting
 * Level 3.2 Axes
 + Level 3.7 Armour
 - Level 3.2 Shields
 + Level 0.0 Evocations


You had 2 spell levels left.
You didn't know any spells.

Dungeon Overview and Level Annotations

Branches:
Dungeon (6/15)
 Temple: D:4-7

Altars:

Annotations:
D:3 4thArraOfDagon's ghost, weakling DrAK
D:4 Sigmund


Innate Abilities, Weirdness & Mutations

You are resistant to damage.
You can recharge devices by infusing magical energy.
You passively map a small area around you.
You do not regenerate naturally.


Message History

Unknown command.
An adder zombie comes into view.
The orc priest invokes the aid of Beogh against you.
Something smites you!
* * * LOW HITPOINT WARNING * * *
The hound bites you but does no damage.
The centaur zombie hits you but does no damage.
Unknown command.
Unknown command.
Unknown command.
Unknown command.
Unknown command.
Unknown command.
Unknown command.
Unknown command.
Unknown command.
Unknown command.
Unknown command.
The centaur zombie hits you.
You die...

* +, * ####.#.....
#.......... *
#.......... * ...
#..Z....... , #..#
#.......... ,
###..###..........
* ,
..#......>........
*
..........@.).....
, ,
.........Zhh......,
..........a.......
, ,
........YW.####.##
...........##...# ,
.......o...#$.# **
, .............# ,
* ,
...oo...#.o#######
...<..........$...
*


You could see a hungry ghost, a sky beast, 2 hounds, a worker ant, an orc
priest, 3 orcs, an adder zombie and a centaur zombie.

Vanquished Creatures
  A giant frog zombie (D:5)
  A goblin (D:1)
  A hobgoblin (D:1)
  3 kobolds
  2 bats (D:2)
  2 rats (D:2)
10 creatures vanquished.

Notes
Turn   | Place    | Note
--------------------------------------------------------------
     0 | D:1      | 4thArraOfDagon the Deep Dwarf Fighter began the quest for the Orb.
     0 | D:1      | Reached XP level 1. HP: 20/20 MP: 1/1
    44 | D:2      | Reached XP level 2. HP: 24/27 MP: 2/2
    83 | D:3      | Noticed 4thArraOfDagon's ghost (weakling DrAK)
    89 | D:2      | You fall through a shaft for 2 floors!
    91 | D:4      | Noticed Sigmund
    93 | D:4      | Noticed an ogre
    97 | D:4      | Noticed an ogre
   100 | D:5      | Entered Level 5 of the Dungeon
   132 | D:5      | Reached XP level 3. HP: 23/34 MP: 3/3
   140 | D:6      | Noticed a hungry ghost
   140 | D:6      | Noticed a sky beast
   155 | D:6      | Slain by a centaur zombie

Vault maps used:
D:1:      saegor_arrival_simple_f
D:2:      overflow_temple_1_default
D:3:      elyvilon_altar_3, nicolae_ru_awakened_eye, uniq_terence
D:4:      grunt_decor_one_mirror, uniq_sigmund
D:5:      gammafunk_temple_overflow_pools, minmay_temple_entry_statues_pillars,
          first_bread, corexii_corridor_pit, uniq_edmund, uniq_prince_ribbit1
D:6:      kennysheep_mini, uniq_duvessa, uniq_pikel

Action                   || total
-------------------------++-------
Melee: War axe           ||    29
